 Dungeon Crawl Stone Soup version 0.16.0-18-g484a79e (webtiles) character file.

1378 serseaman the Fighter (level 8, -1/78 HPs)
             Began as a Hill Orc Fighter on Mar 22, 2015.
             Was a Believer of Yredelemnul.
             Engulfed by a cloud of flame (7 damage)
             ... on level 6 of the Dungeon.
             The game lasted 00:44:11 (6149 turns).

serseaman the Fighter (Hill Orc Fighter)            Turns: 6149, Time: 00:44:15

Health: -1/78      AC: 13    Str: 21      XL:     8   Next: 66%
Magic:  8/8        EV: 17    Int:  8      God:    Yredelemnul [**....]
Gold:   291        SH:  0    Dex:  7 (10) Spells: 0 memorised, 7 levels left

rFire  + . .     SeeInvis .     C - melded +1 spear (flame)
rCold  . . .     Clarity  .     h - melded +2 plate armour
rNeg   + + +     SustAb   .     i - melded +2 buckler
rPois  +         Gourm    .     o - +0 helmet
rElec  .         Spirit   .     (cloak currently unavailable)
rCorr  .         Warding  +     (gloves currently unavailable)
rMut   .         Stasis   .     (boots currently unavailable)
MR     .....                    k - amulet of warding
Stlth  +.........               (no ring)
                                j - ring of protection from fire

@: fungus-form, not resistant to hostile enchantments, very unstealthy
A: no striking features
a: Animate Remains, Recall Undead Slaves, Injury Mirror, Renounce Religion


You were on level 6 of the Dungeon.
You worshipped Yredelemnul.
Yredelemnul was pleased with you.
You were not hungry.
You were a sentient fungus.
You visited 2 branches of the dungeon, and saw 7 of its levels.

You collected 291 gold pieces.

Inventory:

Hand weapons
 a - a +0 long sword
 u - a +0 falchion
 w - a cursed -3 whip
 y - a +0 hand axe
 C - a +1 spear of flaming (melded)
Missiles
 v - 2 tomahawks of returning (quivered)
Armour
 b - a +0 scale mail
 c - a +0 shield
 e - a +0 buckler
 h - a +2 plate armour (melded)
 i - a +2 buckler (melded)
 o - a +0 helmet (worn)
 x - a +0 ring mail
Jewellery
 j - a ring of protection from fire (left hypha)
 k - an amulet of warding (around neck)
 p - an uncursed ring of ice
 D - a cursed amulet of rage
Magical devices
 f - a wand of fireball (9)
Scrolls
 g - 5 scrolls of remove curse
 l - 4 scrolls of teleportation
 s - 2 scrolls of identify
 t - 3 scrolls of immolation
Comestibles
 d - a beef jerky
 n - a meat ration
 r - a fruit


   Skills:
 * Level 9.6 Fighting
 - Level 2.1 Long Blades
 * Level 8.2 Armour
 - Level 4.0 Shields


You had 7 spell levels left.
You didn't know any spells.

Dungeon Overview and Level Annotations

Branches:
Dungeon (6/15)             Temple (1/1) D:5

Altars:
Ashenzari
Cheibriados
Dithmenos
Elyvilon
Fedhas
Gozag
Makhleb
Nemelex Xobeh
Okawaru
Qazlal
Ru
Sif Muna
Trog
Vehumet
Xom
Yredelemnul
Zin
The Shining One

Shops:
D:6 *


Message History

The creatures around you are filled with an inner flame!
Dowan gestures at you while chanting. The stone arrow hits you!
You barely miss Dowan.
Dowan is heavily wounded.
Dowan zaps a wand.
You turn into a sentient fungus.
Your +1 spear of flaming melds into your body.
Your +2 buckler melds into your body.
Your +2 plate armour melds into your body.
Your +1 spear of flaming stops flaming.
You're too terrified to move while being watched!
You're too terrified to move while being watched!
You release spores at Dowan!!
Dowan explodes!
The fiery explosion engulfs you! You resist.
* * * LOW HITPOINT WARNING * * *
Yredelemnul accepts your kill.
You are engulfed in roaring flames.
You resist.
You die...
Your body rises from the dead as a mindless zombie.

#.####******###**###
#)# *. #.# #. #.# *,
#.# ** #.# #÷#
#.###### ***********
#.§f§..# *,,,,,,,,,,
#.§§##.# *,*********
#)#§§..# *,*
#...#### *,* ##.##
*,* #.# *.* #.# *.#
#.# #.# #.# ##.#


There were no monsters in sight!

Vanquished Creatures
  Menkaure (D:4)
  3 ogres
  2 sky beasts
  Duvessa (D:6)
  A scorpion (D:6)
  Dowan (D:6)
  A crimson imp (D:5)
  A jelly (D:6)
  3 orc priests
  A centaur skeleton (D:6)
  A hound (D:2)
  2 orc wizards
  A gnoll shaman (D:6)
  3 worker ants
  13 gnolls
  A worker ant zombie (D:5)
  2 adders (D:4)
  A giant mite (D:6)
  2 worms
  An adder skeleton (D:6)
  A giant gecko (D:2)
  3 oozes
  16 orcs
  A ball python (D:1)
  12 bats
  A bat skeleton (D:4)
  6 giant cockroaches
  2 hobgoblins
  11 kobolds
  3 quokkas
  3 giant newts
  8 goblins
  5 jackals
  A quokka skeleton (D:4)
  9 rats
  2 ballistomycetes (D:6)
126 creatures vanquished.

Vanquished Creatures (others)
  A crimson imp (D:6)
  A gnoll (D:6)
  A giant spore (D:6)
3 creatures vanquished.

Grand Total: 129 creatures vanquished

Notes
Turn   | Place    | Note
--------------------------------------------------------------
     0 | D:1      | serseaman, the Hill Orc Fighter, began the quest for the Orb.
     0 | D:1      | Reached XP level 1. HP: 19/19 MP: 1/1
   187 | D:1      | Reached skill level 4 in Fighting
   463 | D:1      | Reached XP level 2. HP: 25/27 MP: 2/2
  1286 | D:2      | Reached XP level 3. HP: 33/35 MP: 3/3
  1361 | D:2      | Found a sacrificial altar of Ru.
  1361 | D:2      | Found a shimmering altar of Xom.
  1380 | D:2      | Found a basalt altar of Yredelemnul.
  1384 | D:2      | Became a worshipper of Yredelemnul the Dark
  1431 | D:2      | Reached skill level 5 in Fighting
  1507 | D:2      | Reached XP level 4. HP: 26/42 MP: 4/4
  1756 | D:2      | Found a stormy altar of Qazlal.
  1902 | D:2      | Found a burning altar of Makhleb.
  1919 | D:2      | Reached XP level 5. HP: 45/49 MP: 5/5
  2229 | D:3      | Acquired Yredelemnul's first power
  2425 | D:3      | Reached skill level 6 in Fighting
  3226 | D:4      | Reached XP level 6. HP: 12/58 MP: 6/6
  3456 | D:4      | Reached skill level 5 in Armour
  3522 | D:4      | Noticed Menkaure
  3541 | D:4      | Killed Menkaure
  3541 | D:4      | Reached skill level 7 in Fighting
  4321 | D:4      | Reached XP level 7. HP: 48/66 MP: 7/7
  4402 | D:5      | Entered Level 5 of the Dungeon
  4432 | D:5      | Found an opulent altar of Gozag.
  4485 | D:5      | Found a white marble altar of Elyvilon.
  4818 | D:5      | Reached skill level 8 in Fighting
  4819 | D:5      | Found a staircase to the Ecumenical Temple.
  4850 | Temple   | Entered the Ecumenical Temple
  5380 | D:6      | Found Mnasiq's Assorted Antiques.
  5467 | D:6      | Reached XP level 8. HP: 38/75 MP: 8/8
  5496 | D:6      | Acquired Yredelemnul's second power
  5913 | D:6      | Reached skill level 9 in Fighting
  5993 | D:6      | Noticed Duvessa
  6002 | D:6      | Noticed Dowan
  6020 | D:6      | Killed Duvessa
  6149 | D:6      | Killed Dowan
  6149 | D:6      | Engulfed by a cloud of flame

Action                   |  1- 3 |  4- 6 |  7- 9 || total
-------------------------+-------+-------+-------++-------
Melee: Long sword        |   102 |   201 |    20 ||   323
       Spear             |       |       |   264 ||   264
       Unarmed           |       |       |     5 ||     5
  Use: Scroll            |     4 |     4 |    11 ||    19
       Potion            |     1 |     8 |     6 ||    15
  Eat: Meat ration       |     1 |     1 |       ||     2
       Fruit             |       |     1 |     1 ||     2
       Bread ration      |       |       |     2 ||     2
